Map: Year Zero LE

Players

Rail - Winner!

  • Race: Protoss Protoss
  • League: Grandmaster
  • Spawn Location: 11:00

GunGFuBanDa

  • Race: Protoss Protoss
  • League: Master
  • Spawn Location: 1:00

Event: 2019 WCS Winter Europe

VOD

Have the link to the VOD?

Description

Time

  • Played on: Feb. 17, 2019, 11:09 a.m.
  • Length: 15:10

All games in this series

Show
View Real Time Build Order
Export as new Build Order

Rail Protoss - Winner!

Build Orders: Oracle Opening, Archon Immortal 

Get SALT Encoding   

  12  0:00  Probe  
  13  0:12  Probe  
  14  0:18  Pylon  
  14  0:24  Probe  
  15  0:32  Probe  
  15  0:37  Gateway  
  15  0:41  Probe  
  16  0:47  Assimilator  
  17  0:51  Probe  
  17  0:55  Assimilator  
  18  1:00  Probe  
  19  1:08  Probe  
  19  1:09  Gateway  
  19  1:17  Probe  
  20  1:25  Cybernetics Core  
  21  1:29  Probe  
  22  1:35  Pylon  
  22  1:41  Probe  
  23  1:53  Probe  
  24  2:04  Stalker, Warp Gate, Sentry  
  24  2:06  Probe  
  29  2:15  Pylon  
  29  2:30  Stalker  
  31  2:41  Nexus  
  33  2:55  Shield Battery  
  33  3:07  Stargate, Probe  
  33  3:20  Probe  
  33  3:31  Robotics Facility  
  33  3:32  Probe  
  34  3:44  Probe  
  34  3:45  Forge  
  35  3:50  Probe  
  35  3:52  Probe  
  35  3:53  Oracle  
  39  3:58  Probe  
  39  4:00  Probe  
  41  4:07  Protoss Ground Weapons Level 1  
  41  4:08  Probe  
  42  4:10  Probe  
  44  4:18  Probe  
  44  4:20  Probe  
  44  4:21  Immortal  
  50  4:25  Pylon  
  50  4:26  Probe  
  50  4:28  Probe  
  51  4:34  Probe  
  51  4:36  Probe  
  51  4:38  Assimilator  
  52  4:40  Assimilator  
  54  4:46  Probe  
  54  4:48  Twilight Council, Probe  
  56  4:57  Pylon  
  56  4:59  Probe  
  57  5:01  Probe  
  57  5:02  Observer  
  59  5:11  Probe  
  60  5:23  Gateway  
  60  5:24  Gateway  
  60  5:25  Immortal  
  60  5:26  Charge  
  64  5:31  Templar Archives  
  64  5:34  Pylon  
  64  5:36  Protoss Ground Weapons Level 2  
  64  5:55  Gateway x2  
  64  6:00  Gateway  
  64  6:04  Warp Prism  
  64  6:06  Gateway  
  64  6:10  High Templar x2  
  70  6:12  Pylon  
  70  6:13  Pylon  
  70  6:14  Pylon, Archon  
  70  6:17  Pylon  
  70  6:19  Zealot  
  70  6:22  Zealot  
  74  6:29  Pylon  
  74  6:39  Zealot  
  74  6:47  Immortal  
  74  6:53  High Templar x2  
  74  6:54  Zealot x3  
  86  6:59  Archon  
  86  7:00  Pylon  
  88  7:03  Pylon  
  88  7:07  Zealot x3  
  94  7:12  Observer  
  92  7:23  Zealot  
  92  7:24  Zealot  
  92  7:25  Zealot  
  92  7:26  Zealot  
  92  7:27  High Templar x2  
  92  7:28  Zealot  
  106  7:35  Sentry, Archon  
  108  7:38  Pylon  
  108  7:41  Pylon  
  108  7:44  Zealot x2  
  108  7:49  Zealot x2  
  116  7:56  Zealot  
  118  8:02  Zealot, High Templar x2  
  122  8:08  Zealot x2  
  122  8:10  Archon  
  124  8:21  Zealot x3  
  124  8:24  Observer, Pylon  
  121  8:50  Phoenix  
  121  8:51  Immortal  
  121  8:54  Stargate  
  117  9:03  Zealot x6  
  126  9:10  Phoenix  
  109  9:35  Phoenix  
  109  9:37  Phoenix  
  99  9:53  Zealot x2, High Templar x2  
  99  9:55  Nexus  
  99  9:58  Pylon  
  107  10:00  Phoenix, Archon  
  109  10:14  Phoenix  
  109  10:15  Immortal  
  115  10:26  Photon Cannon  
  115  10:34  Zealot x4  
  123  10:40  Zealot x2  
  127  10:45  High Templar x2, Shield Battery  
  127  10:49  Archon  
  131  10:58  Photon Cannon  
  131  11:03  Photon Cannon  
  131  11:09  Observer  
  132  11:16  Zealot x2  
  132  11:17  Zealot  
  138  11:22  Shield Battery  
  138  11:27  Zealot  
  138  11:31  Zealot, High Templar x2  
  146  11:35  Zealot  
  146  11:36  Archon  
  148  11:40  Pylon  
  148  11:42  Zealot  
  150  11:55  Zealot x3, Sentry  
  158  12:02  Photon Cannon  
  158  12:14  Zealot x4  
  166  12:28  High Templar, Pylon  
  166  12:29  Zealot x2, High Templar  
  174  12:33  Archon  
  174  12:42  Zealot x4  
  182  12:46  Phoenix  
  184  12:53  Zealot  
  170  13:12  Zealot x4  
  164  13:24  Phoenix, Assimilator  
  164  13:26  Assimilator  
  148  13:36  Zealot x4  
  112  13:46  Immortal  
  98  13:55  Zealot x2, High Templar x2  
  86  14:05  Zealot, Archon  
  86  14:06  Zealot x2  
  86  14:11  Zealot  
  88  14:20  Phoenix  
  88  14:26  Zealot x3  
  82  14:39  Zealot x4  
  82  14:42  Probe  
  75  15:02  Zealot, High Templar x2  
  75  15:07  Archon  
Show
View Real Time Build Order
Export as new Build Order

GunGFuBanDa Protoss 

Build Orders: Blink Stalkers 

Get SALT Encoding   

  12  0:00  Probe  
  13  0:12  Probe  
  14  0:18  Pylon  
  14  0:24  Probe  
  15  0:32  Probe  
  15  0:37  Gateway  
  15  0:40  Probe  
  16  0:47  Assimilator  
  17  0:50  Probe  
  17  0:56  Assimilator  
  18  0:58  Probe  
  19  1:07  Probe  
  19  1:08  Gateway  
  20  1:19  Probe  
  20  1:25  Cybernetics Core  
  21  1:31  Probe  
  22  1:43  Probe  
  23  1:59  Pylon  
  23  2:02  Warp Gate  
  23  2:17  Stalker, Sentry, Probe  
  28  2:25  Pylon  
  28  2:36  Nexus  
  27  2:39  Probe  
  28  2:48  Stalker  
  30  2:51  Probe  
  31  2:59  Twilight Council  
  31  3:04  Probe  
  32  3:09  Pylon  
  32  3:18  Probe  
  33  3:26  Probe  
  34  3:34  Probe  
  34  3:35  Blink  
  34  3:37  Shield Battery  
  35  3:43  Probe  
  35  3:48  Probe  
  36  3:51  Probe  
  36  3:53  Sentry x2  
  42  3:56  Probe  
  42  3:59  Probe  
  43  4:04  Probe  
  43  4:09  Forge  
  45  4:11  Probe  
  45  4:15  Probe  
  45  4:16  Phoenix  
  47  4:23  Probe  
  48  4:24  Stalker x2, Probe  
  53  4:32  Probe  
  53  4:35  Probe, Robotics Facility  
  53  4:37  Protoss Ground Weapons Level 1  
  55  4:42  Probe  
  56  4:48  Probe  
  57  4:54  Probe  
  57  4:56  Assimilator  
  58  5:02  Pylon  
  58  5:04  Gateway  
  58  5:05  Gateway  
  58  5:10  Probe  
  58  5:11  Assimilator, Probe  
  58  5:13  Warp Prism  
  60  5:15  Photon Cannon  
  62  5:31  Probe, Pylon  
  63  5:36  Stalker  
  63  5:37  Stalker  
  65  5:57  Probe  
  66  5:59  Robotics Bay  
  66  6:10  Stalker x4  
  74  6:15  Gateway  
  74  6:21  Immortal  
  74  6:26  Pylon x2  
  74  6:31  Protoss Ground Weapons Level 2  
  76  6:50  Stalker x4  
  76  6:52  Disruptor  
  84  7:01  Probe x2  
  89  7:02  Charge  
  89  7:09  Gateway  
  89  7:11  Gateway  
  87  7:22  Observer  
  87  7:29  Probe x2, Templar Archives  
  90  7:30  Nexus  
  90  7:33  Pylon  
  90  7:45  Disruptor  
  93  7:56  Dark Shrine  
  93  7:59  Pylon  
  93  8:00  Pylon  
  93  8:09  High Templar x2  
  93  8:10  Zealot x2  
  93  8:11  Disruptor  
  101  8:13  Photon Cannon  
  101  8:14  Archon  
  101  8:15  Pylon  
  100  8:22  Gateway  
  100  8:24  Gateway  
  103  8:38  Zealot x4  
  107  8:48  Disruptor  
  107  8:50  Zealot  
  107  9:02  Gateway  
  110  9:04  Zealot x4  
  110  9:17  Nexus  
  110  9:20  Protoss Ground Weapons Level 3  
  89  9:24  Zealot x8  
  89  9:25  Disruptor  
  102  9:44  Pylon  
  102  9:45  Dark Templar x2  
  106  9:48  Sentry  
  106  9:51  Zealot  
  110  9:56  Observer  
  111  10:10  Probe, Pylon  
  111  10:13  Immortal  
  116  10:42  High Templar x2  
  120  10:43  Zealot x8  
  120  10:48  Probe x2  
  120  10:49  Archon  
  138  10:55  Disruptor  
  144  11:07  Assimilator  
  144  11:09  Assimilator  
  141  11:11  High Templar x2  
  141  11:12  Zealot x2  
  141  11:15  Pylon  
  141  11:16  Pylon, Archon  
  149  11:22  Immortal  
  149  11:29  Photon Cannon  
  149  11:35  Extended Thermal Lance  
  151  11:52  Colossus, Probe  
  146  11:58  Robotics Facility  
  146  12:05  Nexus  
  152  12:14  Stalker x4  
  160  12:26  Pylon  
  160  12:29  Protoss Shields Level 1  
  160  12:34  Probe  
  159  12:49  Colossus, High Templar x2, Pylon  
  169  12:54  Archon  
  169  12:57  Zealot x2  
  169  12:58  Archon  
  137  13:17  High Templar x2  
  138  13:22  Archon  
  138  13:25  Zealot x7  
  102  13:45  Zealot x5  
  52  14:08  Probe  
  52  14:09  High Templar x2  
  54  14:10  Zealot, High Templar x2  
  54  14:12  Zealot  
  54  14:13  Archon x2  
  59  14:25  Zealot x2  
  61  14:35  Zealot  
  57  14:39  Zealot  
  47  14:55  Zealot, High Templar x2  
  47  14:59  Zealot  
  51  15:00  Archon  
Tags
 
Add a new tag
Caveats
  • Supply blocks, unpowered buildings, or Contaminate may cause inaccurate times.
  • Supply counts are checked every 10 seconds.